IL
LEHIGH VALLEY IRONPIGS @ NEW ORLEANS ZEPHYRS
08/12/2045
 
TOP OF THE 1ST
Lehigh Valley IronPigs batting - Pitching for New Orleans Zephyrs : RHP Jonah Syndergaard
Pitching: RHP Jonah Syndergaard
Batting: RHB Mitch Boyd 0-0: Foul Ball, location: 2F
0-1: Ground out U3 (Groundball, 13, EV 83.1 MPH)
Batting: LHB Darrell Ortega 0-0: SINGLE (Groundball, 4S, EV 72.5 MPH) (infield hit)
Batting: SHB Lance Franklin 0-0: Foul Ball, location: 2F
0-1: Ball
1-1: Ball
2-1: Grounds into double play, 5-4-3 (Groundball, 56S, EV 79.4 MPH)
Top of the 1st over - 0 runs, 1 hit, 0 errors, 0 left on base; Lehigh Valley 0 - New Orleans 0
BOTTOM OF THE 1ST
New Orleans Zephyrs batting - Pitching for Lehigh Valley IronPigs : LHP Isaias Felix
Pitching: LHP Isaias Felix
Batting: RHB J.J. Barajas 0-0: Called Strike
0-1: Called Strike
0-2: Ball
1-2: Foul Ball, location: 2F
1-2: Ball
2-2: Foul Ball, location: 2F
2-2: Ball
3-2: Base on Balls
Batting: LHB Luis Aguilar 0-0: Called Strike
0-1: Fielders Choice at 2nd, 3-6 (Groundball, 3, EV 95.6 MPH)
Batting: RHB Alex Gomez 0-0: Called Strike
0-1: Ball
1-1: Ball
2-1: Ball
3-1: Base on Balls
Luis Aguilar to second
Batting: RHB Alex Ramirez 0-0: SINGLE (Line Drive, 78S, EV 110.0 MPH)
Luis Aguilar to third
Alex Gomez to second
Runner from 3rd tries for Home, throw by CF and OUT! 8-2
Batting: RHB Bill de Jesus 0-0: Ball
1-0: Ball
2-0: Ball
3-0: Base on Balls
Alex Gomez to third
Alex Ramirez to second
Batting: LHB Carlos Mosqueda 0-0: Swinging Strike
0-1: Ball
1-1: Foul Ball, location: 2F
1-2: Ball
2-2: SINGLE (Groundball, 56D, EV 94.4 MPH)
Alex Gomez scores
Alex Ramirez to third
Bill de Jesus to second
Batting: RHB Omar Contreras 0-0: Ground out U3 (Groundball, 34S, EV 88.8 MPH)
Bottom of the 1st over - 1 run, 2 hits, 0 errors, 3 left on base; Lehigh Valley 0 - New Orleans 1
TOP OF THE 2ND
Lehigh Valley IronPigs batting - Pitching for New Orleans Zephyrs : RHP Jonah Syndergaard
Batting: LHB Danny Hill 0-0: Ball
1-0: Ball
2-0: Ball
3-0: Swinging Strike
3-1: Called Strike
3-2: Ground out 4-3 (Groundball, 4, EV 102.5 MPH)
Batting: RHB Chris Pounds 0-0: Called Strike
0-1: Ball
1-1: Ball
2-1: Ball
3-1: Base on Balls
Batting: RHB Moritake Fukumoto 0-0: Ball
1-0: Ball
2-0: Fly out, F7 (Flyball, 78XD, EV 108.8 MPH)
Batting: LHB Tyler Allen 0-0: 2-RUN HOME RUN (Flyball, 9LD, EV 92.5 MPH), Distance : 330 ft
Batting: RHB Dan Grable 0-0: Ball
1-0: Called Strike
1-1: Ball
2-1: Ball
3-1: Base on Balls
Batting: SHB Cesar Arteaga 0-0: Ball
1-0: Ball
2-0: Called Strike
2-1: Ball
3-1: Ground out 4-3 (Groundball, 34, EV 90.6 MPH)
Top of the 2nd over - 2 runs, 1 hit, 0 errors, 1 left on base; Lehigh Valley 2 - New Orleans 1
BOTTOM OF THE 2ND
New Orleans Zephyrs batting - Pitching for Lehigh Valley IronPigs : LHP Isaias Felix
Batting: RHB Pat Peterson 0-0: Foul Ball, location: 2F
0-1: Ball
1-1: Swinging Strike
1-2: Ball
2-2: Ball
3-2: Foul Ball, location: 2F
3-2: Base on Balls
Batting: LHB Adrian Young 0-0: Swinging Strike
0-1: Swinging Strike
0-2: Ball
1-2: Ball
2-2: Fielders Choice at 2nd, 6-4 (Groundball, 6S, EV 85.6 MPH)
Batting: RHB J.J. Barajas 0-0: Called Strike
0-1: Ball
1-1: Called Strike
1-2: Reached on error, E5 (Groundball, 5, EV 109.4 MPH)
Adrian Young to second
Batting: LHB Luis Aguilar 0-0: Ball
1-0: Called Strike
1-1: Hit by Pitch
Adrian Young to third
J.J. Barajas to second
Batting: RHB Alex Gomez 0-0: Called Strike
0-1: Foul Ball, location: 2F
0-2: Foul Ball, location: 2F
0-2: Ball
1-2: Foul Ball, location: 2F
1-2: SINGLE (Groundball, 6MD, EV 107.5 MPH)
Adrian Young scores
J.J. Barajas to third
Luis Aguilar to second
Runner from 3rd tries for Home, SAFE, throw by CF to home
Batting: RHB Alex Ramirez 0-0: Ball
1-0: Ball
2-0: Ball
3-0: Called Strike
3-1: Base on Balls
Luis Aguilar to third
Alex Gomez to second
Batting: RHB Bill de Jesus 0-0: Fielders Choice at 2nd, 5-4 (Groundball, 56, EV 98.1 MPH)
Luis Aguilar scores
Alex Gomez to third
Batting: LHB Carlos Mosqueda 0-0: Ball
1-0: Foul Ball, location: 2F
1-1: Ball
2-1: Ground out 4-3 (Groundball, 4, EV 83.1 MPH)
Bottom of the 2nd over - 3 runs, 1 hit, 1 error, 2 left on base; Lehigh Valley 2 - New Orleans 4
TOP OF THE 3RD
Lehigh Valley IronPigs batting - Pitching for New Orleans Zephyrs : RHP Jonah Syndergaard
Batting: RHB Mitch Boyd 0-0: Foul Ball, location: 2F
0-1: Ball
1-1: Called Strike
1-2: Foul Ball, location: 2F
1-2: Foul Ball, location: 2F
1-2: Ball
2-2: Foul Ball, location: 2F
2-2: Ground out 5-3 (Groundball, 56, EV 88.1 MPH)
Batting: LHB Darrell Ortega 0-0: Ball
1-0: Ball
2-0: Fly out, F8 (Flyball, 78D, EV 85.6 MPH)
Batting: SHB Lance Franklin 0-0: Ball
1-0: Ball
2-0: Foul Ball, location: 2F
2-1: SINGLE (Groundball, 6D, EV 104.4 MPH)
Batting: LHB Danny Hill 0-0: Ball
1-0: DOUBLE (Flyball, 8LXD, EV 106.2 MPH)
Lance Franklin to third
Runner from 3rd tries for Home, SAFE, no throw by CF
Batting: RHB Chris Pounds 0-0: Fly out, F8 (Flyball, 89D, EV 87.5 MPH)
Top of the 3rd over - 1 run, 2 hits, 0 errors, 1 left on base; Lehigh Valley 3 - New Orleans 4
BOTTOM OF THE 3RD
New Orleans Zephyrs batting - Pitching for Lehigh Valley IronPigs : LHP Isaias Felix
Batting: RHB Omar Contreras 0-0: Ball
1-0: Ball
2-0: Fly out, F9 (Flyball, 9, EV 95.6 MPH)
Batting: RHB Pat Peterson 0-0: Ball
1-0: Called Strike
1-1: Ball
2-1: Fly out, F7 (Flyball, 7LM, EV 105.6 MPH)
Batting: LHB Adrian Young 0-0: Ground out 4-3 (Groundball, 4, EV 99.4 MPH)
Bottom of the 3rd over - 0 runs, 0 hits, 0 errors, 0 left on base; Lehigh Valley 3 - New Orleans 4
TOP OF THE 4TH
Lehigh Valley IronPigs batting - Pitching for New Orleans Zephyrs : RHP Jonah Syndergaard
Batting: RHB Moritake Fukumoto 0-0: Ball
1-0: Ball
2-0: Foul Ball, location: 2F
2-1: Ball
3-1: Ground out 6-3 (Groundball, 6, EV 81.2 MPH)
Batting: LHB Tyler Allen 0-0: Called Strike
0-1: Ball
1-1: SINGLE (Groundball, 4MD, EV 100.6 MPH)
Batting: RHB Dan Grable 0-0: Ball
Wild Pitch!
Tyler Allen to second
1-0: Swinging Strike
1-1: Ball
2-1: Swinging Strike
2-2: Ball
3-2: 2-RUN HOME RUN (Flyball, 9D, EV 94.4 MPH), Distance : 374 ft
Pitching: RHP Giampaolo Nobile
Batting: SHB Cesar Arteaga 0-0: Ball
1-0: Ball
2-0: Called Strike
2-1: Ground out 1-3 (Groundball, 15S, EV 68.8 MPH)
Batting: RHB Mitch Boyd 0-0: Ball
1-0: Foul Ball, location: 2F
1-1: Called Strike
1-2: Ball
2-2: Strikes out swinging
Top of the 4th over - 2 runs, 2 hits, 0 errors, 0 left on base; Lehigh Valley 5 - New Orleans 4
BOTTOM OF THE 4TH
New Orleans Zephyrs batting - Pitching for Lehigh Valley IronPigs : LHP Isaias Felix
Batting: RHB J.J. Barajas 0-0: Ball
1-0: Foul Ball, location: 2F
1-1: Fly out, F8 (Flyball, 8RD, EV 88.1 MPH)
Batting: LHB Luis Aguilar 0-0: Ball
1-0: Foul Ball, location: 2F
1-1: Swinging Strike
1-2: Fly out, F7 (Flyball, 7, EV 93.1 MPH)
Batting: RHB Alex Gomez 0-0: Ball
1-0: Foul Ball, location: 2F
1-1: Swinging Strike
1-2: Strikes out swinging
Bottom of the 4th over - 0 runs, 0 hits, 0 errors, 0 left on base; Lehigh Valley 5 - New Orleans 4
TOP OF THE 5TH
Lehigh Valley IronPigs batting - Pitching for New Orleans Zephyrs : RHP Giampaolo Nobile
Batting: LHB Darrell Ortega 0-0: Called Strike
0-1: Foul Ball, location: 2F
0-2: Ball
1-2: Foul Ball, location: 2F
1-2: Foul Ball, location: 2F
1-2: SINGLE (Flyball, 78S, EV 93.8 MPH)
Batting: SHB Lance Franklin 0-0: Called Strike
0-1: Foul Ball, location: 2F
0-2: Ball
1-2: Fielders Choice at 2nd, 3-6 (Groundball, 34, EV 93.8 MPH)
Batting: LHB Danny Hill 0-0: Fielders Choice at 2nd, 6-4 (Groundball, 6, EV 88.8 MPH)
Batting: RHB Chris Pounds 0-0: Ball
1-0: Ball
2-0: Ball
3-0: Base on Balls
Danny Hill to second
Batting: RHB Moritake Fukumoto 0-0: Ball
1-0: Called Strike
1-1: Swinging Strike
1-2: Strikes out swinging
Top of the 5th over - 0 runs, 1 hit, 0 errors, 2 left on base; Lehigh Valley 5 - New Orleans 4
BOTTOM OF THE 5TH
New Orleans Zephyrs batting - Pitching for Lehigh Valley IronPigs : LHP Isaias Felix
Batting: RHB Alex Ramirez 0-0: Foul Ball, location: 2F
0-1: Swinging Strike
0-2: Ball
1-2: Ball
2-2: Strikes out swinging
Batting: RHB Bill de Jesus 0-0: Called Strike
0-1: Ball
1-1: Ball
2-1: Ball
3-1: Fly out, F3 (Line Drive, 3, EV 68.1 MPH)
Batting: LHB Carlos Mosqueda 0-0: Foul Ball, location: 2F
0-1: Ball
1-1: Ball
2-1: Ground out 4-3 (Groundball, 34, EV 105.0 MPH)
Bottom of the 5th over - 0 runs, 0 hits, 0 errors, 0 left on base; Lehigh Valley 5 - New Orleans 4
TOP OF THE 6TH
Lehigh Valley IronPigs batting - Pitching for New Orleans Zephyrs : RHP Giampaolo Nobile
Pitching: LHP Mark Palomo
Batting: LHB Tyler Allen 0-0: SINGLE (Groundball, 25, EV 68.1 MPH) (infield hit)
Batting: RHB Dan Grable 0-0: Called Strike
0-1: Ball
1-1: Ball
2-1: Swinging Strike
2-2: Ball
3-2: Base on Balls
Tyler Allen to second
Batting: SHB Cesar Arteaga 0-0: Foul Ball, location: 2F
0-1: Foul Ball, location: 2F
0-2: Strikes out looking
Batting: RHB Mitch Boyd 0-0: Ball
1-0: Ball
2-0: Ball
3-0: Base on Balls
Tyler Allen to third
Dan Grable to second
Pitching: RHP Mike Myers
Batting: LHB Darrell Ortega 0-0: Grounds into fielders choice 4-2 (Groundball, 4MS, EV 73.1 MPH)
Dan Grable to third
Mitch Boyd to second
Batting: SHB Lance Franklin 0-0: Ball
1-0: Ball
2-0: Called Strike
2-1: Ball
3-1: Called Strike
3-2: Reached on error, E3 (Groundball, 3, EV 85.6 MPH)
Dan Grable scores
Mitch Boyd to third
Darrell Ortega to second
Batting: LHB Danny Hill 0-0: Ball
1-0: Ball
2-0: Called Strike
2-1: Ball
3-1: Base on Balls
Mitch Boyd scores
Darrell Ortega to third
Lance Franklin to second
Batting: RHB Chris Pounds 0-0: Foul Ball, location: 2F
0-1: Ball
1-1: Ball
2-1: Foul Ball, location: 2F
2-2: Foul Ball, location: 2F
2-2: Ball
3-2: Foul Ball, location: 2F
3-2: Base on Balls
Darrell Ortega scores
Lance Franklin to third
Danny Hill to second
Batting: RHB Moritake Fukumoto 0-0: Ball
1-0: Foul Ball, location: 2F
1-1: Fly out, F7 (Flyball, 78S, EV 89.4 MPH)
Top of the 6th over - 3 runs, 1 hit, 1 error, 3 left on base; Lehigh Valley 8 - New Orleans 4
BOTTOM OF THE 6TH
New Orleans Zephyrs batting - Pitching for Lehigh Valley IronPigs : LHP Isaias Felix
Batting: RHB Omar Contreras 0-0: Called Strike
0-1: Swinging Strike
0-2: Foul Ball, location: 2F
0-2: Ball
1-2: Strikes out swinging
Pitching: RHP John Capparelli
Batting: RHB Pat Peterson 0-0: Called Strike
0-1: SINGLE (Line Drive, 4D, EV 103.8 MPH)
Batting: LHB Adrian Young 0-0: Ball
1-0: Called Strike
1-1: Called Strike
1-2: Fielders Choice at 2nd, 3-6 (Groundball, 34, EV 80.6 MPH)
Batting: RHB J.J. Barajas 0-0: Called Strike
0-1: Called Strike
0-2: Ball
1-2: Ball
2-2: Ball
3-2: Fly out, F4 (Flyball, 3D, EV 84.4 MPH)
Bottom of the 6th over - 0 runs, 1 hit, 0 errors, 1 left on base; Lehigh Valley 8 - New Orleans 4
TOP OF THE 7TH
Lehigh Valley IronPigs batting - Pitching for New Orleans Zephyrs : RHP Mike Myers
Pitching: LHP Jordan Hernandez
Batting: LHB Tyler Allen 0-0: Ball
1-0: Ground out 5-3 (Groundball, 56S, EV 85.0 MPH)
Batting: RHB Dan Grable 0-0: Ball
1-0: Called Strike
1-1: Ground out U3 (Groundball, 34, EV 85.6 MPH)
Batting: SHB Cesar Arteaga 0-0: Fly out, F6 (Line Drive, 6, EV 70.6 MPH)
Top of the 7th over - 0 runs, 0 hits, 0 errors, 0 left on base; Lehigh Valley 8 - New Orleans 4
BOTTOM OF THE 7TH
New Orleans Zephyrs batting - Pitching for Lehigh Valley IronPigs : RHP John Capparelli
Batting: LHB Luis Aguilar 0-0: Called Strike
0-1: Ball
1-1: Swinging Strike
1-2: Ball
2-2: Foul Ball, location: 2F
2-2: Strikes out swinging
Batting: RHB Alex Gomez 0-0: Ball
1-0: Ball
2-0: Ball
3-0: Called Strike
3-1: DOUBLE (Line Drive, 5D, EV 108.8 MPH)
Batting: RHB Alex Ramirez 0-0: SINGLE (Line Drive, 89M, EV 103.8 MPH)
Alex Gomez to third
Runner from 3rd tries for Home, SAFE, throw by CF to home
Batting: RHB Bill de Jesus 0-0: Ball
1-0: Ball
2-0: Foul Ball, location: 2F
2-1: Foul Ball, location: 2F
2-2: Fielders Choice at 2nd, 3-6 (Groundball, 13, EV 88.8 MPH)
Batting: LHB Carlos Mosqueda 0-0: Ball
1-0: Called Strike
Bill de Jesus is caught stealing 2nd base 2-6
Bottom of the 7th over - 1 run, 2 hits, 0 errors, 0 left on base; Lehigh Valley 8 - New Orleans 5
TOP OF THE 8TH
Lehigh Valley IronPigs batting - Pitching for New Orleans Zephyrs : LHP Jordan Hernandez
Batting: RHB Mitch Boyd 0-0: Ball
1-0: Ball
2-0: Called Strike
2-1: Ground out 6-3 (Groundball, 6, EV 88.8 MPH)
Batting: LHB Darrell Ortega 0-0: Ball
1-0: Ball
2-0: Swinging Strike
2-1: SOLO HOME RUN (Flyball, 9D, EV 97.5 MPH), Distance : 369 ft
Batting: SHB Lance Franklin 0-0: Ball
1-0: Foul Ball, location: 2F
1-1: Ball
2-1: TRIPLE (Flyball, 89XD, EV 102.5 MPH)
Batting: LHB Danny Hill 0-0: Ball
1-0: Called Strike
1-1: Ball
2-1: Foul Ball, location: 2F
2-2: SINGLE (Line Drive, 89M, EV 108.8 MPH)
Lance Franklin scores
Batting: RHB Chris Pounds 0-0: Foul Ball, location: 2F
0-1: Foul Ball, location: 2F
0-2: 2-RUN HOME RUN (Flyball, 9LD, EV 91.2 MPH), Distance : 332 ft
Pinch Hitting: SHB Bob Dixon 0-0: DOUBLE (Line Drive, 89D, EV 101.9 MPH)
Batting: LHB Tyler Allen 0-0: Ball
1-0: Ball
Wild Pitch!
Bob Dixon to third
2-0: Foul Ball, location: 2F
2-1: Swinging Strike
2-2: Foul Ball, location: 2F
2-2: Strikes out swinging
Batting: RHB Dan Grable 0-0: SINGLE (Groundball, 4D, EV 95.0 MPH)
Bob Dixon scores
Pitching: RHP Mike Powell
Batting: SHB Cesar Arteaga 0-0: Called Strike
0-1: Ball
1-1: Ball
2-1: Ball
3-1: Base on Balls
Dan Grable to second
Batting: RHB Mitch Boyd 0-0: Foul Ball, location: 2F
0-1: Ball
1-1: Called Strike
1-2: Strikes out looking
Top of the 8th over - 5 runs, 6 hits, 0 errors, 2 left on base; Lehigh Valley 13 - New Orleans 5
BOTTOM OF THE 8TH
New Orleans Zephyrs batting - Pitching for Lehigh Valley IronPigs : RHP John Capparelli
Now in LF: Danny Hill
Now in RF: Bob Dixon
Batting: LHB Carlos Mosqueda 0-0: Called Strike
0-1: Fly out, F9 (Flyball, 89M, EV 93.8 MPH)
Batting: RHB Omar Contreras 0-0: Ball
1-0: Fly out, F8 (Flyball, 8RS, EV 93.1 MPH)
Batting: RHB Pat Peterson 0-0: Ground out 6-3 (Groundball, 56, EV 82.5 MPH)
Bottom of the 8th over - 0 runs, 0 hits, 0 errors, 0 left on base; Lehigh Valley 13 - New Orleans 5
TOP OF THE 9TH
Lehigh Valley IronPigs batting - Pitching for New Orleans Zephyrs : RHP Mike Powell
Batting: LHB Darrell Ortega 0-0: Swinging Strike
0-1: Ball
1-1: Fly out, F5 (Popup, 5S, EV 66.9 MPH)
Pinch Hitting: RHB Luis Arce 0-0: Called Strike
0-1: Ball
1-1: Ground out 5-3 (Groundball, 56, EV 84.4 MPH)
Batting: LHB Danny Hill 0-0: Called Strike
0-1: Ball
1-1: Ground out 4-3 (Groundball, 4, EV 81.9 MPH)
Top of the 9th over - 0 runs, 0 hits, 0 errors, 0 left on base; Lehigh Valley 13 - New Orleans 5
BOTTOM OF THE 9TH
New Orleans Zephyrs batting - Pitching for Lehigh Valley IronPigs : RHP John Capparelli
Now at 3B: Luis Arce
Batting: LHB Adrian Young 0-0: Ball
1-0: Ball
2-0: Called Strike
2-1: Foul Ball, location: 2F
2-2: Ball
3-2: TRIPLE (Flyball, 89XD, EV 110.6 MPH)
Batting: RHB J.J. Barajas 0-0: Called Strike
0-1: Foul Ball, location: 2F
0-2: Ball
1-2: Strikes out swinging
Batting: LHB Luis Aguilar 0-0: Ball
1-0: Called Strike
1-1: Ground out 6-3 (Groundball, 6, EV 81.9 MPH)
Adrian Young scores
Batting: RHB Alex Gomez 0-0: Called Strike
0-1: Ball
1-1: Called Strike
1-2: Strikes out looking
Bottom of the 9th over - 1 run, 1 hit, 0 errors, 0 left on base; Lehigh Valley 13 - New Orleans 6
Wednesday, June 22nd , 2022 - OOTP Baseball 23.4 Build 64